 Dungeon Crawl Stone Soup version 0.29-a0-39-g581ba40fa7 (webtiles) character file.

Game seed: 5914897987362277249

1033 Bapho the Ruffian (level 8, -4/81 HPs)
             Began as a Troll Monk on Feb 1, 2022.
             Was a Follower of Ru.
             Slain by a gnoll sergeant (9 damage)
             ... on level 5 of the Dungeon.
             The game lasted 00:07:23 (4138 turns).

Bapho the Ruffian (Troll Monk)                      Turns: 4138, Time: 00:07:24

Health: -4/81      AC:  4    Str: 22    XL:     8   Next: 3%
Magic:  7/7        EV: 10    Int:  6    God:    Ru [*.....]
Gold:   211        SH:  0    Dex: 12    Spells: 7/7 levels left

rFire   . . .      SeeInvis .     - Unarmed
rCold   . . .      Faith    .   (no shield)
rNeg    . . .      Spirit   .   a - +0 robe
rPois   +          Reflect  .   (helmet restricted)
rElec   .          Harm     .   (no cloak)
rCorr   .          Rampage  .   (gloves unavailable)
Will    .....                   (boots unavailable)
Stlth   +.........              (no amulet)
HPRegen 1.03/turn               d - ring of poison resistance
MPRegen 0.10/turn               (no ring)

@: no status effects
A: large, unfitting armour, claws 3, regeneration 1, shaggy fur 1, tough skin 1,
unskilled 1
a: Renounce Religion


You were on level 5 of the Dungeon.
You worshipped Ru.
Ru was aware of your devotion.
You visited 2 branches of the dungeon, and saw 6 of its levels.

You collected 211 gold pieces.

Inventory:

Missiles
 g - 43 stones (quivered)
 n - 4 javelins
Armour
 a - a +0 robe (worn)
Jewellery
 d - a ring of poison resistance (left claw)
 o - a ring of ice
Wands
 p - a wand of charming (6)
Scrolls
 b - 2 scrolls of identify
 i - a scroll of vulnerability {unknown}
 j - a scroll of fog {unknown}
 k - a scroll of holy word {unknown}
 l - 2 scrolls of magic mapping {unknown}
 r - a scroll of teleportation {unknown}
Potions
 c - a potion of degeneration
 e - a potion of might
 f - 2 potions of heal wounds
 h - a potion of lignification
 m - 2 potions of curing
 q - a potion of brilliance {unknown}


   Skills:
 + Level 5.4 Fighting
 - Level 2.1 Dodging
 - Level 0.9 Stealth
 + Level 6.6 Unarmed Combat


You had 7 spell levels left.
You didn't know any spells.
Your spell library contained the following spells:

 Spells                   Type           Power      Damage    Failure   Level
 Foxfire                  Conj/Fire      0%         2x1d4     45%         1
 Conjure Flame            Conj/Fire      0%         6-21      83%         3
 Inner Flame              Hex/Fire       0%         N/A       83%         3
 Flame Wave               Conj/Fire      0%         2d4       99%         4


Dungeon Overview and Level Annotations

Branches:
Dungeon (5/15)             Temple (1/1) D:5

Altars:
Ashenzari
Cheibriados
Dithmenos
Elyvilon
Fedhas
Gozag
Kikubaaqudgha
Okawaru
Qazlal
Ru
Sif Muna
Trog
Uskayaw
Wu Jian
Yredelemnul
Zin


Innate Abilities, Weirdness & Mutations

You are too large for most types of armour.
You have claws for hands.
Your natural rate of healing is unusually fast.
You are covered in fur. (AC +1)
You have tough skin. (AC +1)
You are somewhat unskilled. (-1 Apt)


Message History

The gnoll sergeant burns you.
The gnoll sergeant hits you with a +0 trident!
You scratch the gnoll sergeant.
The gnoll sergeant is lightly wounded.
The gnoll sergeant hits you with a +1 spear of flaming!
The gnoll sergeant burns you.
You scratch the gnoll sergeant but do no damage.
Your claw misses the gnoll sergeant.
The gnoll sergeant is lightly wounded.
The gnoll sergeant hits you with a +0 trident.
The gnoll sergeant barely misses you.
You claw the gnoll sergeant!
The gnoll sergeant is heavily wounded.
The gnoll sergeant completely misses you.
The gnoll sergeant barely misses you.
You scratch the gnoll sergeant but do no damage.
The gnoll sergeant is heavily wounded.
The gnoll sergeant hits you with a +0 trident.
You barely miss the gnoll sergeant.
The gnoll sergeant is heavily wounded.
The gnoll sergeant hits you with a +1 spear of flaming.
The gnoll sergeant burns you.
The gnoll sergeant hits you with a +0 trident!
You closely miss the gnoll sergeant.
The gnoll sergeant is heavily wounded.
The gnoll sergeant closely misses you.
The gnoll sergeant hits you but does no damage.
You closely miss the gnoll sergeant.
The gnoll sergeant is heavily wounded.
The gnoll sergeant hits you with a +1 spear of flaming.
The gnoll sergeant burns you.
The gnoll sergeant hits you with a +0 trident!
* * * LOW HITPOINT WARNING * * *
The gnoll sergeant hits you from afar with a +1 spear of flaming!
* * * LOW HITPOINT WARNING * * *
The gnoll sergeant burns you.
* * * LOW HITPOINT WARNING * * *
The gnoll sergeant barely misses you.
The gnoll sergeant hits you from afar with a +1 spear of flaming!
You die...

.##.8.##.......#........# #.#
##.....##......+....###.# #.#
#..#.#..##.....#.##.# #.# #.#
..##.##....#####.##.###.#######.#
.##...##...# #.##..##.......#.#
....>....8.# #.###.########.#.#
.##...##...# #)# #..##### #.#.#
..##.##....# #.# ##.....# #....
#..#.#..##.#####@####.....#####.#
##.....##.รท......................
.##.8.##..#...g...###.#########.#
..#...#...#...g...# #..# #.#
..........#.......# ##.# #.#
....#######..<....# #.# #.#
....'...........#.# #.########)#
....######......#.# #.......##)#
....# #......#.# #..........<


You could see 2 gnoll sergeants.

Vanquished Creatures
  Grinder (D:3)
  Sigmund (D:2)
  Eustachio (D:5)
  An ogre (D:5)
  A bullfrog (D:4)
  A howler monkey (D:5)
  A jelly (D:4)
  An orc priest (D:4)
  Jessica (D:2)
  4 orc wizards
  Robin (D:2)
  4 gnolls (D:3)
  2 adders (D:2)
  20 orcs
  3 bats
  7 endoplasms
  3 giant cockroaches
  10 hobgoblins
  4 quokkas
  7 ball pythons
  2 frilled lizards (D:1)
  15 goblins
  7 kobolds
  2 rats
100 creatures vanquished.

Notes
Turn   | Place    | Note
-------+----------+-------------------------------------------
     0 | D:1      | Bapho the Troll Monk began the quest for the Orb.
     0 | D:1      | Reached XP level 1. HP: 22/22 MP: 0/0
    79 | D:1      | Reached XP level 2. HP: 29/29 MP: 1/1
   553 | D:1      | Reached XP level 3. HP: 37/37 MP: 2/2
   938 | D:2      | Noticed Robin
  1082 | D:2      | Reached skill level 4 in Unarmed Combat
  1134 | D:2      | Killed Robin
  1135 | D:2      | Reached XP level 4. HP: 44/45 MP: 3/3
  1154 | D:2      | Noticed Jessica
  1161 | D:2      | Killed Jessica
  1192 | D:2      | Noticed Sigmund
  1225 | D:2      | Killed Sigmund
  1226 | D:2      | Reached skill level 5 in Unarmed Combat
  1226 | D:2      | Reached XP level 5. HP: 30/54 MP: 4/4
  1517 | D:3      | Reached XP level 6. HP: 58/62 MP: 5/5
  1602 | D:3      | Noticed Grinder
  1615 | D:3      | Killed Grinder
  2099 | D:3      | Reached skill level 6 in Unarmed Combat
  2132 | D:3      | Reached XP level 7. HP: 65/71 MP: 6/6
  2252 | D:3      | Reached skill level 5 in Fighting
  2850 | D:4      | Found a white marble altar of Elyvilon.
  3272 | D:5      | Entered Level 5 of the Dungeon
  3308 | D:5      | Noticed Eustachio
  3325 | D:5      | Killed Eustachio
  3504 | D:5      | Reached skill level 7 in Unarmed Combat
  3578 | D:5      | Found a staircase to the Ecumenical Temple.
  3609 | Temple   | Entered the Ecumenical Temple
  3895 | Temple   | Became a worshipper of Ru the Awakened
  3919 | Temple   | Gained mutation: You are somewhat unskilled. (-1 Apt) [Ru
                  | sacrifice]
  3919 | Temple   | Reduced skill Unarmed Combat to level 6
  3919 | Temple   | Reached * piety under Ru
  4085 | D:5      | Reached XP level 8. HP: 52/81 MP: 7/7
  4134 | D:5      | HP: 1/81 [gnoll sergeant (5)]
  4138 | D:5      | Slain by a gnoll sergeant

Illustrated notes

Levels and vault maps discovered:
D:1:      eino_arrival_druids_welcome, layout_loops_ring, st_stairs_11
D:2:      wander_river, layout_rooms, uniq_sigmund, uniq_robin, uniq_jessica
D:3:      layout_basic, serial_curves, eino_curves_03, eino_curves_03,
          chequers_decorated_corner, uniq_grinder
D:4:      layout_rooms, mainiacjoe_overflow_paths
D:5:      kennysheep_big_flooded_room, layout_basic, minmay_temple_entry_waves,
          due_unseen_surprise, uniq_crazy_yiuf_cottage, uniq_eustachio
Temple:   regret_index_temple_generic_petals

Skill      XL: |  1  2  3  4  5  6  7 |
---------------+----------------------+-----
Fighting       | 3 4 5 |  5.4
Unarmed Combat | 4 5 6 6 |  6.6
Stealth        | 0 |  0.9
Dodging        | |  2.1

Action                   |  1- 3 |  4- 6 |  7- 9 || total
-------------------------+-------+-------+-------++-------
Melee: Unarmed           |    96 |    48 |   113 ||   257
       Punch             |     1 |     2 |     2 ||     5
Throw: Stone             |    23 |    26 |    89 ||   138
Invok: Sacrifice Skill   |       |       |     1 ||     1
  Use: Scroll            |       |     4 |     1 ||     5
 Stab: Sleeping          |     1 |       |       ||     1
Armor: Robe              |    48 |     4 |    32 ||    84
Dodge: Dodged            |    61 |    13 |    44 ||   118

Table legend: (Time is in decaauts)
 A = Elapsed time spent in this place.
 B = Non-inter-level travel time spent in this place.
 C = Inter-level travel time spent in this place.
 D = Time resting spent in this place.
 E = Time spent auto-exploring this place.
 F = Levels seen in this place.
 G = Mean time per level.
                   A        B        C        D        E       F      G
               +--------+--------+--------+--------+--------+-----+--------+
         Total |   4144 |   3948 |    196 |    235 |   2891 |   6 |  690.7 |
       Dungeon |   3819 |   3694 |    125 |    235 |   2645 |   5 |  763.8 |
        Temple |    325 |    255 |     70 |      0 |    246 |   1 |  325.0 |
               +--------+--------+--------+--------+--------+-----+--------+

Top non-repeatable levels by time:
     D:3: 1070 daAuts
     D:4: 844 daAuts
     D:1: 800 daAuts
     D:2: 700 daAuts
     D:5: 402 daAuts
  Temple: 325 daAuts
